 Dungeon Crawl Stone Soup version 0.31-a0-986-g5e6e4ef867 (webtiles) character file.

Game seed: 136592004401009748

286 bmb222 the Caller (level 6, -1/43 HPs)
             Began as a Merfolk Summoner on Nov 25, 2023.
             Was an Initiate of Sif Muna.
             Killed by divine providence
             ... invoked by an orc priest
              (11 damage)
             ... on level 5 of the Dungeon.
             The game lasted 00:10:37 (5432 turns).

bmb222 the Caller (Merfolk Summoner)                Turns: 5432, Time: 00:10:39

Health: -1/43      AC:  3    Str:  8    XL:     6   Next: 30%
Magic:  9/11       EV: 18    Int: 16    God:    Sif Muna [......]
Gold:   230        SH:  0    Dex: 15    Spells: 8/11 levels left

rFire   . . .        p - +0 spear
rCold   . . .        (no shield)
rNeg    . . .        a - +0 robe
rPois   +            (no helmet)
rElec   .            (no cloak)
rCorr   .            i - +0 pair of gloves
SInv    .            (no boots)
Will    .....        (no amulet)
Stlth   ++           u - ring of poison resistance
HPRegen 0.27/turn    w - +5 ring of evasion
MPRegen 0.12/turn

%: no passive effects
@: no status effects
A: (nimble swimmer 2), mertail
a: Renounce Religion


You were on level 5 of the Dungeon.
You worshipped Sif Muna.
Sif Muna was noncommittal.
You visited 2 branches of the dungeon, and saw 6 of its levels.

You collected 230 gold pieces.

Inventory:

Hand Weapons
 f - a +0 short sword
 p - a +0 spear (weapon)
Armour
 a - a +0 robe (worn)
 e - a +0 leather armour
 i - a +0 pair of gloves (worn)
 l - an orb of light
Magical Staves
 g - a staff of earth
Jewellery
 r - an amulet of guardian spirit
 u - a ring of poison resistance (left hand)
 w - a +5 ring of evasion (right hand)
Talismans
 x - a dragon-blood talisman
Scrolls
 c - a scroll of poison
 h - a scroll of teleportation {unknown}
 k - a scroll of enchant weapon {unknown}
 m - 2 scrolls of fog {unknown}
 o - a scroll of noise {unknown}
 q - a scroll of brand weapon {unknown}
 s - a scroll of immolation {unknown}
 v - a scroll of enchant armour {unknown}
 y - a scroll of torment {unknown}
Potions
 b - a potion of magic
 j - 3 potions of curing
 n - 2 potions of brilliance {unknown}
 t - 3 potions of berserk rage {unknown}


   Skills:
 + Level 1.5 Fighting
 * Level 2.0(2.2) Polearms
 - Level 0.6(1.0) Staves
 + Level 3.8 Dodging
 + Level 2.7 Stealth
 - Level 0.6 Unarmed Combat
 + Level 3.4 Spellcasting
 * Level 5.3 Summonings


You had 8 spell levels left.
You knew the following spells:

 Your Spells              Type           Power      Damage    Failure   Level
a - Summon Small Mammal   Summ           76%        N/A       1%          1
b - Call Imp              Summ           38%        N/A       3%          2

Your spell library contained the following spells:

 Spells                   Type           Power      Damage    Failure   Level
 Call Canine Familiar     Summ           19%        N/A       6%          3
 Necrotise                Necr           8%         1d4       19%         1
 Summon Guardian Golem    Hex/Summ       11%        N/A       19%         3
 Ignite Poison            Fire/Tmut/Pois 2%         N/A       47%         3
 Vampiric Draining        Necr           2%         2d6       47%         3
 Summon Lightning Spire   Summ/Air       11%        N/A       52%         4
 Agony                    Necr           2%         N/A       99%         5
 Eringya's Noxious Bog    Tmut/Pois      1%         4d6       100%        6
 Orb of Destruction       Conj           1%         9d5       100%        7
 Ozocubu's Refrigeration  Ice            1%         4d7       100%        7
 Spellforged Servitor     Conj/Summ      5%         N/A       100%        7


Dungeon Overview and Level Annotations

Branches:
Dungeon (5/15)             Temple (1/1) D:5

Altars:
Dithmenos
Elyvilon
Fedhas
Hepliaklqana
Kikubaaqudgha
Makhleb
Nemelex Xobeh
Qazlal
Sif Muna
Trog
Uskayaw
Vehumet
Wu Jian
Yredelemnul
Zin


Innate Abilities, Weirdness & Mutations

((You are very nimble when in or above water. (Stealth+, EV+, Speed+++)))
Your lower body shifts to a powerful aquatic tail in water.


Message History

The orc priest is moderately wounded.
The orc priest completely misses you.
Your cerulean imp hits the orc priest but does no damage.
You closely miss the orc priest.
The orc priest is moderately wounded.
The orc priest barely misses you.
Your cerulean imp hits the orc priest from afar with a -3 spear.
The orc priest hits you with a +0 flail!
You are too injured to fight recklessly!
You are too injured to fight recklessly!
Casting: Call Imp (safe; 3% risk of failure)
Confirm with . or Enter, or press ? or * to list all spells.
You don't know that spell.
You feel much better. The orc priest closely misses you.
Your cerulean imp hits the orc priest but does no damage.
The orc priest mumbles some strange prayers to Beogh against you.
Beogh smites you!
You hit the orc priest but do no damage.
The orc priest is severely wounded.
The orc priest hits you with a +0 short sword.
Your cerulean imp hits the orc priest but does no damage.
The orc priest misses you.
You hit the orc priest but do no damage.
The orc priest is severely wounded.
The orc priest casts a cantrip, but nothing happens.
Your cerulean imp hits the orc priest but does no damage.
The orc priest barely misses you.
You hit the orc priest.
The orc priest is almost dead.
The orc priest hits you with a +0 short sword.
Your cerulean imp hits the orc priest from afar with a -3 spear.
The orc priest misses you.
You closely miss the orc priest.
The orc priest is almost dead.
The orc priest hits you with a +0 short sword.
* * * LOW HITPOINT WARNING * * *
Your cerulean imp barely misses the orc priest.
The orc priest calls down the wrath of Beogh upon you.
Beogh smites you!
You die...

#.......#.......# #
#..°..○.#.......# #
#......○'..○°○..#######
#○..°..##○○....##.....
#######......##°.....##.....
..........○○°..○.............
.........○.°°○..○†○○.........
...#.#.#.#.#5.○○...○.........
.....°...○.o@......○.........
...#..°.°..#o○....>..........
..#
#..........○..####+#####...##
.... ..#...>...#.## #...##
....+............... ......
....#..#.....○.#..... .. ...
....#...........○○.... ..
....#..#.#.#.#.#..###. .##
....#...............


You could see 2 orc priests and a friendly cerulean imp (summoned).

Vanquished Creatures
  Jessica (D:2)
  3 adders
  A white imp (D:4)
  A worm (D:3)
  A dart slug (D:1)
  2 orcs
  4 ball pythons
  A bat (D:1)
  4 endoplasms
  4 giant cockroaches
  2 goblins
  4 hobgoblins
  2 jackals (D:4)
  3 kobolds (D:4)
  2 quokkas
  2 frilled lizards (D:3)
  A rat (D:3)
38 creatures vanquished.

Vanquished Creatures (collateral kills)
  A jelly (D:4)
  An orc priest (D:4)
  4 gnolls
  4 adders
  2 worms (D:4)
  3 orcs (D:4)
  2 endoplasms
  4 giant cockroaches
  3 hobgoblins (D:1)
  4 jackals (D:1)
  4 kobolds
  4 ball pythons
  3 frilled lizards
  A rat (D:1)
40 creatures vanquished.

Grand Total: 78 creatures vanquished

Notes
Turn   | Place    | Note
-------+----------+-------------------------------------------
     0 | D:1      | bmb222 the Merfolk Summoner began the quest for the Orb.
     0 | D:1      | Reached XP level 1. HP: 13/13 MP: 3/3
   183 | D:1      | Reached XP level 2. HP: 9/19 MP: 3/5
   344 | D:1      | Learned a level 2 spell: Call Imp
   658 | D:1      | Reached XP level 3. HP: 17/24 MP: 3/6
  1440 | D:2      | Identified the "Qyixout"
  1796 | D:1      | Reached XP level 4. HP: 18/31 MP: 3/8
  2252 | D:2      | Noticed Jessica
  2262 | D:2      | Killed Jessica
  2263 | D:2      | Reached skill level 1 in Fighting
  2263 | D:2      | Reached XP level 5. HP: 23/37 MP: 6/9
  2668 | D:3      | Found a shadowy altar of Dithmenos.
  3981 | D:4      | Reached skill level 5 in Summonings
  4043 | D:4      | Reached skill level 1 in Polearms
  4092 | D:4      | Reached XP level 6. HP: 27/43 MP: 6/11
  4189 | D:4      | You fall into a shaft and drop 1 floor!
  4189 | D:5      | Entered Level 5 of the Dungeon
  5338 | D:5      | Found a staircase to the Ecumenical Temple.
  5348 | Temple   | Entered the Ecumenical Temple
  5391 | Temple   | Became a worshipper of Sif Muna the Loreminder
  5432 | D:5      | Killed from afar by an orc priest

Illustrated notes

Levels and vault maps discovered:
D:1:      lightli_arrival_farm, layout_loops_ring
D:2:      layout_loops_ring, uniq_jessica
D:3:      layout_loops_ring, nicolae_dithmenos_shadow_blocks,
          grunt_ministairs_8, chequers_serial_rivers_small_a,
          serial_bayou_pond_b
D:4:      minmay_angry_zag, layout_basic
D:5:      layout_gridville, minmay_temple_entry_glass
Temple:   eino_narrow_crystal_temple

Skill      XL: |  1  2  3  4  5  6 |
---------------+-------------------+-----
Dodging        | 3 |  3.8
Fighting       | 1 |  1.5
Spellcasting   | 3 |  3.4
Summonings     | 5 |  5.3
Polearms       | 1 2 |  2.0
Staves         | |  0.6
Stealth        | |  2.7
Unarmed Combat | |  0.6

Action                     |  1- 3 |  4- 6 || total
---------------------------+-------+-------++-------
  Melee: Unarmed           |    57 |       ||    57
         Punch             |     2 |     1 ||     3
         Staff             |    60 |       ||    60
         Spear             |       |   189 ||   189
   Cast: Summon Small Mamm |    13 |     8 ||    21
         Call Imp          |    15 |    29 ||    44
    Use: Scroll            |       |     4 ||     4
         Potion            |       |     2 ||     2
   Stab: Sleeping          |     2 |     2 ||     4
         Distracted        |       |     2 ||     2
 Armour: Robe              |    61 |    73 ||   134
  Dodge: Dodged            |    99 |   102 ||   201

Table legend: (Time is in decaauts)
 A = Elapsed time spent in this place.
 B = Non-inter-level travel time spent in this place.
 C = Inter-level travel time spent in this place.
 D = Time resting spent in this place.
 E = Time spent auto-exploring this place.
 F = Levels seen in this place.
 G = Mean time per level.
                   A        B        C        D        E       F      G
               +--------+--------+--------+--------+--------+-----+--------+
         Total |   5422 |   5244 |    178 |   1086 |   3050 |   6 |  903.7 |
       Dungeon |   5363 |   5185 |    178 |   1086 |   3050 |   5 | 1072.6 |
        Temple |     58 |     58 |      0 |      0 |      0 |   1 |   58.0 |
               +--------+--------+--------+--------+--------+-----+--------+

Top non-repeatable levels by time:
     D:4: 1739 daAuts
     D:1: 1680 daAuts
     D:3: 928 daAuts
     D:2: 857 daAuts
     D:5: 157 daAuts
  Temple: 58 daAuts
